[ AOE2 MATCH · #495821812 ]
UnrankedArmenians vs Armenians
Player's team · WIN
Rival team · LOSS
[ REPLAY ANALYSIS · EXTRACTED FROM THE RECORDED GAME ]
Feudal
10:26
Castle
—
Imperial
—
| APM avg | 59.7 |
| APM peak | 105 |
| eAPM avg | 26.3 |
| Villagers / military | 40 / 37 |
Focus
⚔️ 35.5% · 🌾 64.5%
Militia ×32 · Archer ×5
Feudal
9:37
Castle
—
Imperial
—
| APM avg | 41.6 |
| APM peak | 71 |
| eAPM avg | 16.9 |
| Villagers / military | 39 / 28 |
Focus
⚔️ 24.0% · 🌾 76.0%
Militia ×22 · Archer ×6
Match map
Initial resources + every placement click. Lines = walls · curves = elevation contours. ◆ gold · ⬟ stone · ● berries · ✦ relic · ◌ wall gap
Your base· Open — unwalled flank
costel98's base· Open — 10t gap
Smoothed initial terrain · ◌ = detected wall gap · hover for details
Inputs per minute
— dehinker - - costel98
Build order — dehinker
135 actions detected in the replay
| 0:03 | Build | Town Center |
| 1:07 | Queue | Villager (Male) |
| 1:07 | Queue | Villager (Male) |
| 1:11 | Queue | Villager (Male) |
| 1:19 | Queue | Villager (Male) |
| 1:51 | Queue | Villager (Male) |
| 2:20 | Queue | Villager (Male) |
| 2:28 | Queue | Villager (Male) |
| 2:34 | Build | Mule Cart |
| 3:03 | Queue | Villager (Male) |
| 3:32 | Queue | Villager (Male) |
| 3:46 | Build | Barracks |
| 3:53 | Queue | Villager (Male) |
| 4:38 | Queue | Villager (Male) |
| 4:40 | Build | House |
| 4:51 | Queue | Militia |
| 4:51 | Queue | Militia |
| 4:52 | Queue | Militia |
| 5:14 | Build | House |
| 5:29 | Queue | Villager (Male) |
| 5:58 | Queue | Villager (Male) |
| 6:17 | Queue | Villager (Male) |
| 6:19 | Build | House |
| 6:21 | Build | Palisade Wall |
| 6:40 | Queue | Villager (Male) |
| 7:01 | Build | Mill |
| 7:16 | Queue | Villager (Male) |
| 7:48 | Queue | Villager (Male) |
| 8:16 | Research | Feudal Age |
| 8:24 | Build | Mule Cart |
| 8:28 | Queue | Militia |
| 8:58 | Queue | Militia |
| 9:14 | Queue | Militia |
| 9:20 | Build | House |
| 10:03 | Research | Loom |
| 10:04 | Research | Loom |
| 10:26 | Age | Feudal Age |
| 10:38 | Research | Double-Bit Axe |
| 10:42 | Queue | Villager (Male) |
| 11:00 | Research | Man-at-Arms (upgrade) |
| 11:00 | Research | Man-at-Arms (upgrade) |
| 11:02 | Queue | Villager (Male) |
| 11:35 | Queue | Villager (Male) |
| 11:53 | Research | Long Swordsman (upgrade) |
| 11:53 | Research | Long Swordsman (upgrade) |
| 12:03 | Queue | Villager (Male) |
| 12:07 | Build | Farm |
| 12:10 | Build | Farm |
| 12:10 | Build | Farm |
| 12:11 | Build | Farm |
| 12:21 | Build | Blacksmith |
| 12:27 | Build | House |
| 12:28 | Queue | Villager (Male) |
| 12:40 | Build | Farm |
| 12:40 | Queue | Villager (Male) |
| 12:43 | Queue | Militia |
| 12:59 | Queue | Villager (Male) |
| 13:02 | Build | House |
| 13:05 | Queue | Militia |
| 13:18 | Queue | Villager (Male) |
| 13:25 | Research | Forging |
| 13:30 | Build | House |
| 13:32 | Queue | Militia |
| 13:35 | Build | Farm |
| 13:42 | Queue | Villager (Male) |
| 13:54 | Build | Barracks |
| 13:57 | Queue | Villager (Male) |
| 14:00 | Queue | Militia |
| 14:01 | Queue | Militia |
| 14:11 | Research | Scale Mail Armor |
| 14:34 | Research | Arson |
| 14:34 | Research | Arson |
| 14:38 | Build | Archery Range |
| 14:39 | Queue | Villager (Male) |
| 14:47 | Queue | Militia |
| 14:48 | Queue | Militia |
| 14:58 | Queue | Militia |
| 14:58 | Queue | Militia |
| 14:58 | Queue | Villager (Male) |
| 15:02 | Queue | Villager (Male) |
| 15:04 | Build | Farm |
| 15:04 | Build | Farm |
| 15:35 | Build | Farm |
| 15:36 | Build | Farm |
| 15:37 | Build | Farm |
| 15:37 | Queue | Villager (Male) |
| 15:40 | Queue | Militia |
| 15:47 | Build | House |
| 15:56 | Queue | Militia |
| 15:59 | Build | Farm |
| 16:00 | Build | Farm |
| 16:13 | Build | Farm |
| 16:27 | Queue | Militia |
| 16:30 | Queue | Villager (Male) |
| 16:34 | Queue | Archer |
| 16:34 | Queue | Archer |
| 16:42 | Queue | Villager (Male) |
| 16:45 | Build | Farm |
| 16:48 | Queue | Militia |
| 16:48 | Queue | Militia |
| 17:02 | Build | Farm |
| 17:10 | Queue | Villager (Male) |
| 17:16 | Queue | Archer |
| 17:34 | Build | Farm |
| 17:35 | Queue | Militia |
| 17:35 | Queue | Militia |
| 17:35 | Queue | Militia |
| 17:42 | Queue | Villager (Male) |
| 17:47 | Build | House |
| 17:48 | Build | House |
| 17:51 | Build | House |
| 18:01 | Build | House |
| 18:05 | Build | House |
| 18:05 | Build | Palisade Wall |
| 18:31 | Queue | Militia |
| 18:31 | Queue | Militia |
| 18:31 | Queue | Militia |
| 18:45 | Queue | Militia |
| 18:45 | Queue | Militia |
| 18:46 | Queue | Villager (Male) |
| 18:46 | Queue | Villager (Male) |
| 18:51 | Build | Barracks |
| 18:52 | Build | Barracks |
| 18:53 | Queue | Villager (Male) |
| 18:58 | Queue | Archer |
| 19:11 | Build | Mule Cart |
| 19:26 | Queue | Villager (Male) |
| 19:31 | Queue | Archer |
| 19:43 | Build | Farm |
| 19:44 | Queue | Militia |
| 19:44 | Queue | Militia |
| 20:11 | Queue | Militia |
| 20:12 | Queue | Militia |
| 20:14 | Build | Market |
| 20:15 | Queue | Villager (Male) |
Build order — costel98
120 actions detected in the replay
| 0:06 | Build | Town Center |
| 1:07 | Queue | Villager (Male) |
| 1:08 | Queue | Villager (Male) |
| 1:08 | Queue | Villager (Male) |
| 1:08 | Queue | Villager (Male) |
| 1:09 | Queue | Villager (Male) |
| 1:42 | Build | Mule Cart |
| 1:53 | Queue | Villager (Male) |
| 2:37 | Queue | Villager (Male) |
| 2:55 | Queue | Villager (Male) |
| 3:31 | Queue | Villager (Male) |
| 3:31 | Queue | Villager (Male) |
| 3:54 | Build | Mule Cart |
| 4:09 | Queue | Villager (Male) |
| 4:10 | Queue | Villager (Male) |
| 5:32 | Queue | Villager (Male) |
| 5:33 | Queue | Villager (Male) |
| 5:44 | Build | House |
| 5:45 | Build | House |
| 6:05 | Queue | Villager (Male) |
| 6:34 | Queue | Villager (Male) |
| 6:57 | Build | Barracks |
| 7:27 | Research | Feudal Age |
| 7:51 | Build | Palisade Wall |
| 7:53 | Build | Palisade Gate |
| 8:03 | Build | Mule Cart |
| 8:12 | Queue | Villager (Male) |
| 8:15 | Queue | Militia |
| 8:15 | Queue | Militia |
| 8:15 | Queue | Militia |
| 8:25 | Queue | Militia |
| 8:55 | Queue | Militia |
| 9:07 | Build | House |
| 9:37 | Age | Feudal Age |
| 9:39 | Queue | Villager (Male) |
| 9:43 | Research | Man-at-Arms (upgrade) |
| 9:57 | Research | Double-Bit Axe |
| 10:16 | Queue | Villager (Male) |
| 10:24 | Research | Long Swordsman (upgrade) |
| 10:32 | Queue | Villager (Male) |
| 10:41 | Queue | Villager (Male) |
| 10:53 | Build | Mule Cart |
| 11:10 | Queue | Villager (Male) |
| 11:29 | Queue | Militia |
| 11:42 | Build | Mill |
| 11:50 | Queue | Militia |
| 12:03 | Build | Blacksmith |
| 12:05 | Research | Loom |
| 12:09 | Queue | Militia |
| 12:37 | Queue | Militia |
| 12:58 | Build | Farm |
| 12:59 | Build | Farm |
| 13:01 | Queue | Militia |
| 13:05 | Build | House |
| 13:15 | Build | Farm |
| 13:17 | Build | Farm |
| 13:27 | Build | Farm |
| 13:36 | Build | House |
| 13:37 | Build | House |
| 13:42 | Queue | Villager (Male) |
| 13:48 | Queue | Militia |
| 14:07 | Build | Farm |
| 14:10 | Build | Farm |
| 14:13 | Queue | Villager (Male) |
| 14:13 | Queue | Villager (Male) |
| 14:28 | Queue | Militia |
| 14:37 | Build | Archery Range |
| 14:45 | Queue | Villager (Male) |
| 14:46 | Build | Farm |
| 15:00 | Queue | Militia |
| 15:15 | Build | Palisade Wall |
| 15:17 | Build | Palisade Wall |
| 15:30 | Queue | Militia |
| 15:33 | Queue | Villager (Male) |
| 15:43 | Research | Scale Mail Armor |
| 15:45 | Build | Farm |
| 16:02 | Queue | Villager (Male) |
| 16:06 | Build | Archery Range |
| 16:09 | Queue | Militia |
| 16:24 | Queue | Villager (Male) |
| 16:30 | Queue | Militia |
| 16:42 | Queue | Villager (Male) |
| 16:48 | Build | House |
| 16:53 | Queue | Villager (Male) |
| 16:59 | Queue | Militia |
| 17:00 | Queue | Archer |
| 17:15 | Build | House |
| 17:16 | Build | House |
| 17:22 | Research | Fletching |
| 17:24 | Queue | Archer |
| 17:29 | Queue | Villager (Male) |
| 17:31 | Build | Archery Range |
| 17:39 | Build | House |
| 17:52 | Queue | Archer |
| 17:57 | Build | House |
| 17:59 | Build | House |
| 18:01 | Build | House |
| 18:05 | Build | House |
| 18:11 | Queue | Archer |
| 18:12 | Queue | Militia |
| 18:15 | Queue | Villager (Male) |
| 18:32 | Queue | Archer |
| 18:34 | Queue | Archer |
| 18:37 | Queue | Villager (Male) |
| 18:38 | Queue | Villager (Male) |
| 18:41 | Queue | Militia |
| 18:41 | Queue | Militia |
| 18:50 | Queue | Militia |
| 18:56 | Build | Farm |
| 18:57 | Build | Farm |
| 18:57 | Build | Farm |
| 19:22 | Queue | Villager (Male) |
| 19:36 | Queue | Villager (Male) |
| 19:47 | Build | House |
| 19:51 | Build | House |
| 19:53 | Build | House |
| 20:02 | Build | House |
| 20:05 | Queue | Militia |
| 20:21 | Queue | Villager (Male) |
| 20:21 | Queue | Villager (Male) |
Match timeline
| 3:46 | dehinker · first_building Barracks |
| 6:21 | dehinker · wall_segment Palisade Wall x3 |
| 6:57 | costel98 · first_building Barracks |
| 7:51 | costel98 · wall_segment Palisade Wall x5 |
| 9:37 | costel98 · age_up feudal |
| 10:26 | dehinker · age_up feudal |
| 14:37 | costel98 · first_building Archery Range |
| 14:38 | dehinker · first_building Archery Range |
| 15:15 | costel98 · wall_segment Palisade Wall x1 |
| 15:17 | costel98 · wall_segment Palisade Wall x1 |
| 18:05 | dehinker · wall_segment Palisade Wall x1 |
| 20:28 | costel98 · resign |
[ AI ANALYSIS · 1 CREDIT ]
What really happened in this match?
Wolo.gg analyzes every decision: build order, eco, micro, common mistakes by bracket. Personalized analysis on WhatsApp or Discord in 30 seconds.
Civ guide
Armenians
Perfil
dehinker